 Dungeon Crawl Stone Soup version 0.27.0-1-g7a089689b8 (webtiles) character file.

Game seed: 12686607524299967430

44 Ozzies the Skirmisher (level 3, 0/34 HPs)
             Began as a Minotaur Fighter on Aug 8, 2021.
             Was a Follower of Okawaru.
             Slain by Grinder (7 damage)
             ... on level 3 of the Dungeon.
             The game lasted 00:02:02 (1681 turns).

Ozzies the Skirmisher (Minotaur Fighter)            Turns: 1681, Time: 00:02:03

Health: 0/34       AC:  8    Str: 21    XL:     3   Next: 39%
Magic:  2/2        EV:  7    Int:  5    God:    Okawaru [*.....]
Gold:   43         SH:  9    Dex:  9    Spells: 2/2 levels left

rFire    . . .     SeeInvis .   a - +0 trident
rCold    . . .     Faith    .   c - +0 kite shield
rNeg     . . .     Spirit   .   b - +0 scale mail
rPois    .         Reflect  .   (helmet restricted)
rElec    .         Harm     .   (no cloak)
rCorr    .         Rampage  .   i - +0 pair of gloves
Will     .....                  (no boots)
Stlth    ..........             (no amulet)
HPRegen  0.11/turn              (no ring)
MPRegen  0.08/turn              (no ring)

@: no status effects
A: horns 2, retaliatory headbutt
a: Renounce Religion, Heroism


You were on level 3 of the Dungeon.
You worshipped Okawaru.
Okawaru was aware of your devotion.
You visited 1 branch of the dungeon, and saw 3 of its levels.

You collected 43 gold pieces.

Inventory:

Hand Weapons
 a - a +0 trident (weapon)
Missiles
 f - a throwing net (quivered) {!f}
 n - 24 sling bullets
Armour
 b - a +0 scale mail (worn)
 c - a +0 kite shield (worn)
 i - a +0 pair of gloves (worn)
Scrolls
 g - 3 scrolls of identify {unknown}
 j - a scroll of noise {unknown}
 l - a scroll of teleportation {unknown}
 o - 2 scrolls of fog {unknown}
 q - a scroll of enchant armour {unknown}
 r - a scroll of enchant weapon {unknown}
Potions
 d - a potion of might {@q3 !q}
 e - a potion of invisibility {unknown}
 h - a potion of lignification {unknown}
 k - a potion of ambrosia {unknown}
 m - a potion of flight {unknown}
 p - 2 potions of resistance {unknown}


   Skills:
 * Level 4.5 Fighting
 - Level 3.0 Polearms
 - Level 4.0 Armour
 - Level 4.0 Shields
 + Level 0.3 Invocations


You had 2 spell levels left.
You didn't know any spells.
Your spell library contained the following spells:

 Spells                   Type           Power      Damage    Failure   Level
 Freeze                   Ice            0%         1d3       99%         1
 Magic Dart               Conj           0%         1d3       99%         1
 Call Imp                 Summ           0%         N/A       100%        2
 Sublimation of Blood     Necr           0%         N/A       100%        2
 Wereblood                Tmut           0%         N/A       100%        2
 Frozen Ramparts          Ice            0%         1d2       100%        3
 Mephitic Cloud           Conj/Pois/Air  0%         N/A       100%        3
 Hailstorm                Conj/Ice       0%         3d3       100%        4
 Ice Form                 Ice/Tmut       0%         N/A       100%        4
 Simulacrum               Ice/Necr       0%         N/A       100%        6
 Summon Hydra             Summ           0%         N/A       100%        7


Dungeon Overview and Level Annotations

Branches:
Dungeon (3/15)

Altars:
Okawaru

Annotations:
D:3 Grinder


Innate Abilities, Weirdness & Mutations

You have a pair of horns on your head.
You reflexively headbutt those who attack you in melee.


Message History

You are frozen.
You hit the endoplasm.
The endoplasm is almost dead.
You block the endoplasm's attack.
You hit the endoplasm.
You kill the endoplasm!
Okawaru accepts your kill.
No target in view!
You now have 27 gold pieces (gained 8).
Found a stone staircase leading down.
You now have 43 gold pieces (gained 16).
There is a stone staircase leading down here.
There is a stone staircase leading up here.
A kobold comes into view. It is wielding a +0 dagger.
The kobold shouts!
A kobold is nearby!
A kobold is nearby!
You reach to attack!
You barely miss the kobold.
The kobold throws a stone.
You block the stone.
You barely miss the kobold. You headbutt the kobold.
The kobold is moderately wounded.
You block the kobold's attack.
You closely miss the kobold.
The kobold is moderately wounded.
The kobold barely misses you.
You closely miss the kobold. You headbutt the kobold.
You kill the kobold!
Okawaru accepts your kill.
No target in view!
Things that are here:
a +0 dagger; 2 stones; a kobold corpse
Found a ring mail.
You see here a +0 ring mail.
Things that are here:
a +0 dagger; 2 stones; a kobold corpse An endoplasm comes into view.
The endoplasm quivers.
An endoplasm is nearby!
You puncture the endoplasm!
You kill the endoplasm!
Okawaru accepts your kill.
No target in view!
Done exploring.
Done exploring.
No target in view!
No target in view!
Search for what [Enter for "."]? .
(D) Dungeon
Where to? (Enter - D:2, ? - help)
You see here 12 bolts.
There is a stone staircase leading up here.
You open the door.
There is an open door here.
There is a stone staircase leading down here.
You climb downwards.
There is a stone staircase leading up here.
There is a stone staircase leading up here.
Grinder comes into view.
Grinder shouts!
Grinder blinks!
Grinder moves out of view.
Found 8 gold pieces.
You start waiting.
Grinder is nearby!
You reach to attack!
You hit Grinder.
Grinder is lightly wounded.
Grinder gestures at you.
You suddenly lose the ability to move!
Grinder hits you. Grinder hits you but does no damage.
You can move again.
You puncture Grinder!
Grinder is moderately wounded.
You block Grinder's attack.
You barely miss Grinder.
Grinder is moderately wounded.
Grinder gestures at you. You resist with significant effort.
You closely miss Grinder. Your headbutt misses Grinder.
Grinder is moderately wounded.
You block Grinder's attack. Grinder hits you.
You writhe in agony.
You barely miss Grinder. You headbutt Grinder.
Grinder is moderately wounded.
Grinder blinks!
Grinder gestures at you.
You suddenly lose the ability to move!
Grinder hits you but does no damage.
You can move again.
You closely miss Grinder.
Grinder is moderately wounded.
Grinder gestures at you.
You shrug off the repeated paralysis!
Grinder hits you!
You puncture Grinder!
Grinder is heavily wounded.
Grinder gestures at you. Pain shoots through your body!
* * * LOW HITPOINT WARNING * * *
You puncture Grinder!
Grinder is severely wounded.
Grinder hits you!
You die...

# #.#####
#$.....
##.....
.......
#.....#####
#5@..#
#.##<#
#.#..#
#.#..#
#.#..#
.....#
.....#
....#.#
....###


You could see Grinder.

Vanquished Creatures
  4 ball pythons
  7 endoplasms
  4 goblins
  A hobgoblin (D:2)
  6 jackals (D:1)
  A quokka (D:2)
  5 bats
  A frilled lizard (D:1)
  4 kobolds
  4 rats
37 creatures vanquished.

Notes
Turn   | Place    | Note
-------+----------+-------------------------------------------
     0 | D:1      | Ozzies the Minotaur Fighter began the quest for the Orb.
     0 | D:1      | Reached XP level 1. HP: 19/19 MP: 0/0
   232 | D:1      | Reached XP level 2. HP: 13/27 MP: 1/1
   601 | D:1      | Found a faded altar of an unknown god.
   646 | D:1      | Became a worshipper of Warmaster Okawaru
   646 | D:1      | Reached * piety under Okawaru
   879 | D:2      | Reached XP level 3. HP: 33/33 MP: 2/2
  1662 | D:3      | Noticed Grinder
  1667 | D:3      | Paralysed by Grinder for 3 turns
  1674 | D:3      | Paralysed by Grinder for 4 turns
  1681 | D:3      | Slain by Grinder

Illustrated notes

Levels and vault maps discovered:
D:1:      roderic_dead_forest, layout_rooms, hellmonk_ecumenical_altar_run_dry
D:2:      layout_loops_corners
D:3:      layout_basic, uniq_robin, uniq_grinder

Skill      XL: |  1  2  3 |
---------------+----------+-----
Fighting       | 4 |  4.5
Shields        | 4 |  4.0
Armour         | 4 |  4.0
Polearms       | 3 |  3.0
Invocations    | |  0.3

Action                   || total
-------------------------++-------
Melee: Trident           ||   110
       Headbutt          ||     9
Armor: Scale mail        ||    44
Dodge: Dodged            ||    27
Block: Kite shield       ||    63
